[ PARTIDA AOE2 · #495995222 ]
UnrankedMongoles vs Magyars
Equipo del jugador · VICT
Equipo rival · DERR
[ ANÁLISIS DE REPETICIÓN · EXTRAÍDO DE LA PARTIDA GRABADA ]
Feudal
8:47
Castillos
19:50
Imperial
35:23
| APM promedio | 41.0 |
| APM pico | 91 |
| eAPM promedio | 23.1 |
| Aldeanos / militares | 119 / 70 |
Foco
⚔️ 18.4% · 🌾 81.6%
Mangudai ×44 · Camel Scout ×10 · Battering Ram ×6 · Scout Cavalry ×6 · Spearman ×2 · Monk ×1
Feudal
10:42
Castillos
16:28
Imperial
37:44
| APM promedio | 21.9 |
| APM pico | 42 |
| eAPM promedio | 16.3 |
| Aldeanos / militares | 108 / 97 |
Foco
⚔️ 33.3% · 🌾 66.7%
Spearman ×50 · Knight ×34 · Monk ×6 · Trebuchet (Packed) ×5 · Scout Cavalry ×2
Mapa de la partida
Recursos iniciales + cada clic de construcción. Líneas = muros · curvas = relieve. ◆ oro · ⬟ piedra · ● bayas · ✦ reliquia · ◌ hueco del cierre
Tu base· Abierta — hueco de 11t
Base de Roodey· Abierta — hueco de 9t
Terreno inicial suavizado · ◌ = hueco del cierre detectado · pasá el cursor para detalles
Inputs por minuto
— Falconbih - - Roodey
Build order — Falconbih
Primeras 150 de 322 acciones detectadas
| 0:02 | Construir | House |
| 0:08 | Construir | Town Center |
| 1:12 | Crear | Villager (Male) |
| 1:15 | Crear | Villager (Male) |
| 1:16 | Crear | Villager (Male) |
| 1:20 | Crear | Villager (Male) |
| 2:25 | Construir | Lumber Camp |
| 2:25 | Crear | Villager (Male) |
| 2:55 | Construir | House |
| 3:01 | Crear | Villager (Male) |
| 3:31 | Crear | Villager (Male) |
| 3:39 | Crear | Villager (Male) |
| 4:24 | Crear | Villager (Male) |
| 4:32 | Crear | Villager (Male) |
| 4:39 | Construir | Mill |
| 4:50 | Crear | Villager (Male) |
| 5:45 | Crear | Villager (Male) |
| 5:57 | Crear | Villager (Male) |
| 6:13 | Construir | Mill |
| 6:35 | Investigar | Feudal Age |
| 7:16 | Crear | Villager (Male) |
| 7:33 | Construir | Barracks |
| 7:37 | Crear | Villager (Male) |
| 8:47 | Edad | Edad Feudal |
| 8:51 | Construir | Stable |
| 9:14 | Construir | House |
| 9:17 | Crear | Villager (Male) |
| 9:47 | Construir | Blacksmith |
| 9:48 | Crear | Scout Cavalry |
| 9:48 | Crear | Scout Cavalry |
| 10:08 | Crear | Villager (Male) |
| 10:10 | Crear | Villager (Male) |
| 10:21 | Investigar | Double-Bit Axe |
| 10:29 | Construir | Mining Camp |
| 10:31 | Crear | Villager (Male) |
| 10:35 | Investigar | Bloodlines |
| 10:39 | Investigar | Forging |
| 10:46 | Crear | Scout Cavalry |
| 11:24 | Crear | Villager (Male) |
| 11:27 | Crear | Scout Cavalry |
| 11:59 | Crear | Scout Cavalry |
| 12:14 | Crear | Spearman |
| 12:18 | Construir | House |
| 12:29 | Construir | House |
| 12:31 | Crear | Villager (Male) |
| 12:33 | Investigar | Loom |
| 12:40 | Construir | House |
| 13:01 | Crear | Villager (Male) |
| 13:31 | Crear | Villager (Male) |
| 13:46 | Investigar | Scale Barding Armor |
| 14:02 | Construir | Mill |
| 14:15 | Crear | Villager (Male) |
| 14:28 | Crear | Villager (Male) |
| 14:28 | Crear | Villager (Male) |
| 14:28 | Crear | Villager (Male) |
| 14:29 | Crear | Villager (Male) |
| 14:29 | Crear | Villager (Male) |
| 14:30 | Crear | Villager (Male) |
| 14:57 | Crear | Scout Cavalry |
| 15:54 | Construir | Farm |
| 15:54 | Construir | Farm |
| 15:54 | Construir | Farm |
| 15:55 | Construir | Farm |
| 15:55 | Construir | Farm |
| 16:00 | Crear | Villager (Male) |
| 16:21 | Construir | Farm |
| 16:40 | Construir | Market |
| 16:42 | Crear | Villager (Male) |
| 17:07 | Investigar | Castle Age |
| 17:21 | Construir | Mining Camp |
| 17:46 | Crear | Villager (Male) |
| 17:53 | Construir | House |
| 17:54 | Construir | House |
| 18:15 | Construir | Stable |
| 18:25 | Investigar | Scale Mail Armor |
| 18:27 | Crear | Spearman |
| 18:31 | Construir | House |
| 18:42 | Construir | Farm |
| 18:47 | Construir | Farm |
| 19:13 | Construir | Farm |
| 19:16 | Construir | Farm |
| 19:20 | Investigar | Horse Collar |
| 19:50 | Edad | Edad de los Castillos |
| 19:54 | Construir | Town Center |
| 19:57 | Crear | Villager (Male) |
| 20:02 | Crear | Camel Scout |
| 20:03 | Crear | Camel Scout |
| 20:11 | Crear | Villager (Male) |
| 20:26 | Construir | Farm |
| 20:30 | Crear | Camel Scout |
| 20:30 | Crear | Camel Scout |
| 20:42 | Crear | Villager (Male) |
| 20:44 | Crear | Villager (Male) |
| 20:44 | Crear | Villager (Male) |
| 20:45 | Crear | Villager (Male) |
| 21:04 | Construir | Farm |
| 21:06 | Construir | Farm |
| 21:17 | Construir | House |
| 21:24 | Crear | Villager (Male) |
| 21:25 | Crear | Villager (Male) |
| 21:26 | Construir | Farm |
| 21:30 | Construir | Farm |
| 21:34 | Construir | Farm |
| 21:38 | Construir | Farm |
| 21:40 | Construir | Farm |
| 21:42 | Construir | Farm |
| 21:48 | Crear | Villager (Male) |
| 21:54 | Construir | Farm |
| 22:13 | Construir | Farm |
| 22:16 | Crear | Villager (Male) |
| 22:16 | Crear | Villager (Male) |
| 22:16 | Crear | Villager (Male) |
| 22:27 | Investigar | Bow Saw |
| 22:48 | Investigar | Heavy Plow |
| 22:50 | Crear | Villager (Male) |
| 22:50 | Crear | Villager (Male) |
| 22:53 | Construir | Farm |
| 23:06 | Construir | Farm |
| 23:07 | Crear | Villager (Male) |
| 23:24 | Construir | Town Center |
| 23:30 | Crear | Villager (Male) |
| 23:30 | Crear | Villager (Male) |
| 23:30 | Crear | Villager (Male) |
| 23:42 | Crear | Villager (Male) |
| 23:42 | Crear | Villager (Male) |
| 23:42 | Crear | Villager (Male) |
| 23:45 | Construir | Farm |
| 23:49 | Construir | House |
| 23:54 | Construir | House |
| 23:55 | Construir | House |
| 23:57 | Crear | Villager (Male) |
| 23:57 | Crear | Villager (Male) |
| 24:03 | Crear | Villager (Male) |
| 24:03 | Crear | Villager (Male) |
| 24:18 | Investigar | Stone Mining |
| 24:20 | Construir | Farm |
| 24:37 | Construir | Mining Camp |
| 24:43 | Investigar | Iron Casting |
| 25:01 | Crear | Villager (Male) |
| 25:01 | Crear | Villager (Male) |
| 25:16 | Crear | Villager (Male) |
| 25:16 | Crear | Villager (Male) |
| 25:16 | Crear | Villager (Male) |
| 25:21 | Construir | Farm |
| 25:21 | Construir | Farm |
| 25:22 | Construir | Farm |
| 25:42 | Crear | Villager (Male) |
| 25:43 | Crear | Villager (Male) |
| 25:43 | Crear | Villager (Male) |
| 25:43 | Crear | Villager (Male) |
Build order — Roodey
Primeras 150 de 326 acciones detectadas
| 0:10 | Construir | Town Center |
| 1:21 | Crear | Villager (Male) |
| 1:22 | Crear | Villager (Male) |
| 1:22 | Crear | Villager (Male) |
| 1:22 | Crear | Villager (Male) |
| 2:52 | Construir | Lumber Camp |
| 2:57 | Crear | Villager (Male) |
| 2:57 | Crear | Villager (Male) |
| 2:58 | Crear | Villager (Male) |
| 3:16 | Crear | Villager (Male) |
| 3:48 | Crear | Villager (Male) |
| 4:28 | Crear | Villager (Male) |
| 4:47 | Construir | Mill |
| 5:29 | Crear | Villager (Male) |
| 5:30 | Crear | Villager (Male) |
| 5:30 | Crear | Villager (Male) |
| 5:30 | Crear | Villager (Male) |
| 6:47 | Construir | House |
| 7:01 | Crear | Villager (Male) |
| 7:04 | Investigar | Loom |
| 7:13 | Crear | Villager (Male) |
| 7:26 | Construir | Palisade Gate |
| 7:38 | Construir | House |
| 7:40 | Construir | House |
| 7:45 | Crear | Villager (Male) |
| 7:46 | Crear | Villager (Male) |
| 7:48 | Crear | Villager (Male) |
| 7:49 | Crear | Villager (Male) |
| 7:51 | Crear | Villager (Male) |
| 7:51 | Investigar | Loom |
| 8:06 | Investigar | Feudal Age |
| 8:29 | Construir | Barracks |
| 9:55 | Construir | Palisade Wall |
| 10:05 | Crear | Villager (Male) |
| 10:42 | Edad | Edad Feudal |
| 10:44 | Construir | Stable |
| 10:54 | Investigar | Double-Bit Axe |
| 11:14 | Crear | Villager (Male) |
| 11:14 | Crear | Villager (Male) |
| 11:42 | Crear | Villager (Male) |
| 11:56 | Crear | Scout Cavalry |
| 12:18 | Construir | Market |
| 12:36 | Construir | Mill |
| 12:40 | Crear | Villager (Male) |
| 13:48 | Investigar | Castle Age |
| 13:48 | Investigar | Castle Age |
| 14:20 | Investigar | Horse Collar |
| 14:51 | Construir | Farm |
| 14:52 | Construir | Farm |
| 14:52 | Construir | Farm |
| 14:52 | Construir | Farm |
| 14:52 | Construir | Farm |
| 14:53 | Construir | Farm |
| 14:54 | Construir | Farm |
| 15:20 | Crear | Villager (Male) |
| 15:29 | Construir | Palisade Gate |
| 15:30 | Crear | Spearman |
| 15:39 | Construir | Mill |
| 15:43 | Crear | Scout Cavalry |
| 15:46 | Crear | Spearman |
| 15:53 | Construir | Farm |
| 15:53 | Construir | Farm |
| 16:17 | Crear | Villager (Male) |
| 16:28 | Construir | Farm |
| 16:28 | Edad | Edad de los Castillos |
| 16:28 | Construir | Farm |
| 16:32 | Crear | Knight |
| 16:32 | Crear | Knight |
| 16:51 | Crear | Spearman |
| 17:05 | Crear | Spearman |
| 17:26 | Crear | Villager (Male) |
| 17:27 | Crear | Spearman |
| 17:56 | Crear | Villager (Male) |
| 18:15 | Crear | Knight |
| 18:16 | Crear | Villager (Male) |
| 18:24 | Crear | Knight |
| 18:32 | Crear | Villager (Male) |
| 18:51 | Construir | Mining Camp |
| 19:02 | Construir | House |
| 19:29 | Crear | Villager (Male) |
| 19:33 | Crear | Villager (Male) |
| 19:34 | Crear | Knight |
| 19:43 | Crear | Knight |
| 19:51 | Investigar | Husbandry |
| 21:14 | Crear | Villager (Male) |
| 21:15 | Crear | Villager (Male) |
| 21:23 | Construir | Town Center |
| 21:24 | Crear | Villager (Male) |
| 21:34 | Investigar | Bloodlines |
| 21:35 | Crear | Knight |
| 22:08 | Investigar | Pikeman (upgrade) |
| 22:24 | Construir | Town Center |
| 22:34 | Crear | Villager (Male) |
| 22:34 | Crear | Villager (Male) |
| 22:34 | Crear | Villager (Male) |
| 22:34 | Crear | Villager (Male) |
| 22:46 | Investigar | Wheelbarrow |
| 23:00 | Construir | Farm |
| 23:21 | Crear | Villager (Male) |
| 23:21 | Crear | Villager (Male) |
| 23:52 | Crear | Villager (Male) |
| 24:18 | Construir | Blacksmith |
| 24:19 | Construir | House |
| 24:27 | Crear | Spearman |
| 24:28 | Crear | Spearman |
| 24:28 | Crear | Spearman |
| 24:43 | Investigar | Pikeman (upgrade) |
| 24:46 | Crear | Villager (Male) |
| 24:46 | Crear | Villager (Male) |
| 24:49 | Crear | Villager (Male) |
| 24:49 | Crear | Villager (Male) |
| 24:50 | Crear | Villager (Male) |
| 24:50 | Crear | Villager (Male) |
| 24:55 | Construir | Farm |
| 24:55 | Construir | Farm |
| 24:56 | Construir | Farm |
| 24:56 | Construir | Farm |
| 24:56 | Construir | Farm |
| 24:57 | Construir | Farm |
| 25:05 | Crear | Villager (Male) |
| 25:05 | Crear | Villager (Male) |
| 25:38 | Construir | House |
| 25:39 | Construir | House |
| 25:41 | Construir | House |
| 25:44 | Crear | Villager (Male) |
| 25:44 | Crear | Villager (Male) |
| 25:47 | Crear | Spearman |
| 26:00 | Construir | Monastery |
| 26:25 | Crear | Villager (Male) |
| 26:25 | Crear | Villager (Male) |
| 26:26 | Crear | Spearman |
| 26:26 | Crear | Spearman |
| 26:30 | Investigar | Scale Mail Armor |
| 26:46 | Construir | Mining Camp |
| 26:47 | Crear | Monk |
| 26:49 | Crear | Villager (Male) |
| 26:49 | Crear | Villager (Male) |
| 26:49 | Crear | Villager (Male) |
| 26:50 | Crear | Villager (Male) |
| 26:50 | Crear | Villager (Male) |
| 27:05 | Investigar | Bow Saw |
| 27:22 | Crear | Villager (Male) |
| 27:22 | Crear | Villager (Male) |
| 27:23 | Crear | Villager (Male) |
| 27:28 | Construir | Farm |
| 27:28 | Construir | Farm |
| 27:29 | Construir | Farm |
| 27:38 | Construir | Farm |
| 27:58 | Crear | Monk |
| 28:11 | Construir | House |
Cronología de la partida
| 7:33 | Falconbih · first_building Barracks |
| 8:29 | Roodey · first_building Barracks |
| 8:47 | Falconbih · age_up feudal |
| 8:51 | Falconbih · first_building Stable |
| 9:55 | Roodey · wall_segment Palisade Wall x4 |
| 10:42 | Roodey · age_up feudal |
| 10:44 | Roodey · first_building Stable |
| 13:05 | Roodey · first_market_sell 100 wood |
| 16:28 | Roodey · age_up castle |
| 17:50 | Falconbih · first_market_sell 100 wood |
| 19:28 | Falconbih · first_market_buy 100 wood |
| 19:50 | Falconbih · age_up castle |
| 22:40 | Roodey · first_market_buy 100 wood |
| 25:51 | Falconbih · first_building Archery Range |
| 26:00 | Roodey · first_building Monastery |
| 28:41 | Falconbih · first_building Castle |
| 30:19 | Falconbih · first_building Siege Workshop |
| 31:19 | Falconbih · first_building Monastery |
| 32:12 | Roodey · first_building Castle |
| 32:56 | Falconbih · wall_segment Stone Wall x28 |
| 35:23 | Falconbih · age_up imperial |
| 36:58 | Falconbih · wall_segment Stone Wall x4 |
| 37:44 | Roodey · age_up imperial |
| 41:17 | Roodey · resign |
[ ANÁLISIS IA · 1 CRÉDITO ]
¿Qué pasó realmente en esta partida?
Wolo.gg analiza cada decisión: build order, eco, micro, errores típicos por bracket. Análisis personalizado por WhatsApp o Discord en 30 segundos.
Guía civ
Mongoles
Perfil
Falconbih